 Dungeon Crawl Stone Soup version 0.28-a0-1506-g3893175d92 (webtiles) character file.

Game seed: 15967853798965557226

916 porpoise the Insei (level 7, -16/57 HPs)
             Began as a Demonspawn Transmuter on Jan 14, 2022.
             Was a Follower of Nemelex Xobeh.
             Demolished by a two-headed ogre (30 damage)
             ... on level 5 of the Dungeon.
             The game lasted 00:18:40 (6186 turns).

porpoise the Insei (Demonspawn Transmuter)          Turns: 6186, Time: 00:18:40

Health: -16/57     AC:  2    Str: 12    XL:     7   Next: 83%
Magic:  9/10       EV: 12    Int: 14    God:    Nemelex Xobeh [*.....]
Gold:   212        SH:  0    Dex: 16    Spells: 7/10 levels left

rFire   . . .      SeeInvis .     - Unarmed
rCold   + . .      Faith    .   (no shield)
rNeg    . . .      Spirit   .   t - +0 robe {rC+}
rPois   .          Reflect  .   (helmet currently unavailable)
rElec   .          Harm     .   (no cloak)
rCorr   .          Rampage  .   (no gloves)
Will    .....                   (boots currently unavailable)
Stlth   ++++......              (no amulet)
HPRegen 0.19/turn               (no ring)
MPRegen 0.12/turn               (no ring)

@: mighty, appendages
A: horns 2, talons 2, claws 1, thin skeletal structure 1, demonic guardian 1,
foul stench 1
a: End Transformation, Renounce Religion, Draw Escape, Draw Destruction, Draw
Summoning


You were on level 5 of the Dungeon.
You worshipped Nemelex Xobeh.
Nemelex Xobeh was aware of your devotion.
You had temporarily grown beastly horns and talons.
You visited 2 branches of the dungeon, and saw 6 of its levels.

You collected 212 gold pieces.

Inventory:

Hand Weapons
 b - a +0 hunting sling
 f - a +2 spear of flaming
Missiles
 k - 102 stones
 l - 91 arrows
 n - 8 boomerangs
Armour
 h - a +0 helmet (melded)
 t - a +0 robe of cold resistance (worn)
Magical Staves
 e - a staff of conjuration
Jewellery
 r - a ring of ice
Wands
 a - a wand of mindburst (14)
 q - a wand of paralysis (4)
Scrolls
 d - 2 scrolls of fear
 g - a scroll of magic mapping
 p - 2 scrolls of teleportation
 s - a scroll of noise
Potions
 c - a potion of might
 i - 2 potions of mutation
 j - a potion of curing
 o - a potion of haste
 u - a potion of flight {unknown}


   Skills:
 * Level 5.6 Fighting
 - Level 1.7 Dodging
 + Level 3.7 Stealth
 * Level 5.8 Unarmed Combat
 - Level 2.0 Spellcasting
 - Level 1.7 Transmutations


You had 7 spell levels left.
You knew the following spells:

 Your Spells              Type           Power      Damage    Failure   Level
a - Beastly Appendage     Tmut           12%        N/A       12%         1
w - Wereblood             Tmut           6%         N/A       17%         2

Your spell library contained the following spells:

 Spells                   Type           Power      Damage    Failure   Level
 Spider Form              Tmut/Pois      3%         N/A       45%         3
 Ice Form                 Ice/Tmut       3%         N/A       86%         4


Dungeon Overview and Level Annotations

Branches:
Dungeon (5/15)             Temple (1/1) D:4

Altars:
Ashenzari
Dithmenos
Elyvilon
Fedhas
Gozag
Hepliaklqana
Kikubaaqudgha
Makhleb
Nemelex Xobeh
Qazlal
Ru
Sif Muna
Trog
Uskayaw
Vehumet
Wu Jian
Xom
Zin


Innate Abilities, Weirdness & Mutations

You have temporarily grown beastly horns and talons.
You have sharp fingernails.
You have a somewhat thin skeletal structure. (Dex +2, Stealth+)
A weak demonic guardian rushes to your aid.
You may rarely emit foul miasma when damaged in melee.


Message History

No target in view!
You start resting.
HP restored.
k - 104 stones (gained 1)
k - 105 stones (gained 1)
k - 106 stones (gained 1)
A two-headed ogre is nearby!
You feel very mighty all of a sudden.
You shoot a stone. The two-headed ogre shouts in stereo!
The stone hits the two-headed ogre!
The two-headed ogre is lightly wounded.
You shoot a stone.
The stone barely misses the two-headed ogre.
You shoot a stone. The stone hits the two-headed ogre.
The two-headed ogre is lightly wounded.
Casting: Beastly Appendage (safe; 12% risk of failure)
Confirm with . or Enter, or press ? or * to list all spells.
You grow a pair of large bovine horns.
Your feet morph into talons.
Your +0 helmet melds into your body.
You shoot a stone.
The stone hits the two-headed ogre but does no damage.
The two-headed ogre is lightly wounded.
You are now empty-clawed.
You claw the two-headed ogre!
The two-headed ogre is moderately wounded.
The two-headed ogre hits you with a +0 giant club!!
Ouch! That really hurt!
A demonic guardian appears!
You emit a cloud of foul miasma!
The two-headed ogre closely misses you.
You claw the two-headed ogre! You claw the two-headed ogre.
The two-headed ogre is severely wounded.
The two-headed ogre is engulfed in dark miasma.
The two-headed ogre is poisoned.
The two-headed ogre seems to slow down.
The two-headed ogre hits you with a +0 giant club!
* * * LOW HITPOINT WARNING * * *
The two-headed ogre hits you with a +0 giant club!!
Ouch! That really hurt!
You die...
Your body glows slightly and disappears.

....†............. #.............
......>.........(###<........#...
.............###...#.....#.....>.
.............###........##.(.##..
....?.........#...##....#........
#.............##.# ###.....#.....
.....[...####...(#####.....####..
.#.......# #...5O.........## #.#
........## #....@...#..#.. #..
.#...........###((...###..# ...
###........# ........## .#..
.#... #......... ..#.. ###.
#..####... #. ##. #. .... .. ##
.... . ..#..


You could see a two-headed ogre (poisoned, slow, ally target) and a friendly
white imp (summoned).

Vanquished Creatures
  Sigmund (D:2)
  A water moccasin (D:5)
  An ogre (D:4)
  A gnoll sergeant (D:3)
  2 scorpions (D:4)
  A water moccasin skeleton (D:4)
  A centaur zombie (D:4)
  A bullfrog zombie (D:5)
  3 hounds (D:4)
  2 iguanas
  A hound skeleton (D:5)
  4 gnolls
  An adder (D:4)
  2 worms (D:2)
  2 dart slugs
  6 orcs
  4 endoplasms
  3 giant cockroaches
  5 goblins
  3 hobgoblins
  2 quokkas
  6 ball pythons
  6 bats
  5 frilled lizards
  8 kobolds
  4 rats
76 creatures vanquished.

Notes
Turn   | Place    | Note
-------+----------+-------------------------------------------
     0 | D:1      | porpoise the Demonspawn Transmuter began the quest for the
                  | Orb.
     0 | D:1      | Reached XP level 1. HP: 15/15 MP: 3/3
   822 | D:1      | Found a faded altar of an unknown god.
   939 | D:1      | Gained mutation: You have sharp fingernails. [demonic
                  | ancestry]
   939 | D:1      | Reached XP level 2. HP: 20/21 MP: 3/5
  1285 | D:2      | Noticed Sigmund
  1392 | D:2      | Reached skill level 1 in Stealth
  1520 | D:2      | Gained mutation: A weak demonic guardian rushes to your
                  | aid. [demonic ancestry]
  1520 | D:2      | Reached XP level 3. HP: 22/27 MP: 4/6
  1573 | D:2      | Learned a level 2 spell: Wereblood
  1756 | D:2      | Killed Sigmund
  1757 | D:2      | Gained mutation: You may rarely emit foul miasma when
                  | damaged in melee. [demonic ancestry]
  1757 | D:2      | Reached XP level 4. HP: 26/35 MP: 7/7
  1757 | D:2      | Reached XP level 5. HP: 31/41 MP: 8/8
  2584 | D:3      | Gained mutation: You have a somewhat thin skeletal
                  | structure. (Dex +2, Stealth+) [demonic ancestry]
  2584 | D:3      | Reached XP level 6. HP: 21/48 MP: 7/9
  3841 | D:4      | Found a staircase to the Ecumenical Temple.
  3988 | Temple   | Entered the Ecumenical Temple
  4113 | Temple   | Became a worshipper of Nemelex Xobeh the Trickster
  4343 | D:4      | Reached skill level 5 in Unarmed Combat
  4507 | D:4      | Reached XP level 7. HP: 33/55 MP: 8/10
  4767 | D:4      | Reached skill level 5 in Fighting
  5315 | D:4      | Reached * piety under Nemelex Xobeh
  5498 | D:5      | Entered Level 5 of the Dungeon
  5756 | D:5      | Noticed a two-headed ogre
  6186 | D:5      | Demolished by a two-headed ogre

Illustrated notes

Levels and vault maps discovered:
D:1:      onia_arrival_pyramid, layout_basic,
          dreamdust_ecumenical_altar_statues, minmay_statues_item
D:2:      layout_rooms, uniq_sigmund
D:3:      layout_basic
D:4:      layout_basic, minmay_temple_entry_glass, serial_curves,
          eino_curves_04, eino_curves_03, minmay_goblin_kobold_house
D:5:      layout_cave_pools
Temple:   mainiacjoe_temple_coin_purse

Skill      XL: |  1  2  3  4  5  6  7 |
---------------+----------------------+-----
Unarmed Combat | 3 4 5 |  5.8
Fighting       | 2 3 4 5 |  5.6
Stealth        | 1 2 3 |  3.7
Dodging        | |  1.7
Spellcasting   | |  2.0
Transmutations | |  1.7

Action                   |  1- 3 |  4- 6 |  7- 9 || total
-------------------------+-------+-------+-------++-------
Melee: Unarmed           |    78 |    62 |    25 ||   165
       Kick              |    15 |    18 |    10 ||    43
       Headbutt          |     4 |     9 |     5 ||    18
       Punch             |     2 |     1 |     1 ||     4
 Fire: Hunting sling     |       |    62 |    36 ||    98
Throw: Dart              |       |       |     2 ||     2
 Cast: Beastly Appendage |    20 |    13 |     9 ||    42
  Use: Scroll            |       |     9 |     1 ||    10
       Potion            |       |       |     1 ||     1
Armor: Robe              |     6 |     5 |     2 ||    13
Dodge: Dodged            |    39 |    36 |    18 ||    93

Table legend: (Time is in decaauts)
 A = Elapsed time spent in this place.
 B = Non-inter-level travel time spent in this place.
 C = Inter-level travel time spent in this place.
 D = Time resting spent in this place.
 E = Time spent auto-exploring this place.
 F = Levels seen in this place.
 G = Mean time per level.
                   A        B        C        D        E       F      G
               +--------+--------+--------+--------+--------+-----+--------+
         Total |   6165 |   5839 |    326 |   2434 |   2451 |   6 | 1027.5 |
       Dungeon |   6030 |   5713 |    317 |   2434 |   2348 |   5 | 1206.0 |
        Temple |    134 |    125 |      9 |      0 |    103 |   1 |  134.0 |
               +--------+--------+--------+--------+--------+-----+--------+

Top non-repeatable levels by time:
     D:4: 2040 daAuts
     D:3: 1511 daAuts
     D:1: 1376 daAuts
     D:2: 703 daAuts
     D:5: 398 daAuts
  Temple: 134 daAuts
